 Dungeon Crawl Stone Soup version 0.30.0-10-gfe55d96785 (webtiles) character file.

Game seed: 2422690134235032673

1871 Strat the Geomancer (level 9, 0/62 (69) HPs)
             Began as a Formicid Ice Elementalist on May 13, 2023.
             Was an Initiate of Ashenzari.
             Slain by a wight
             ... wielding a +0 spear
              (1 damage)
             ... on level 7 of the Dungeon.
             The game lasted 00:22:28 (8388 turns).

Strat the Geomancer (Formicid Ice Elementalist)     Turns: 8388, Time: 00:22:29

HP:   0/62 (69)     AC:  4    Str: 16    XL:     9   Next: 35%
MP:   12/16         EV: 11    Int: 16    God:    Ashenzari [......]
Gold: 209           SH:  0    Dex: 14    Spells: 11/18 levels left

rFire   . . .        b - +4 trident (heavy)
rCold   . . .        (no shield)
rNeg    . . .        j - +0 leather armour
rPois   .            (helmet unavailable)
rElec   .            (no cloak)
rCorr   .            (no gloves)
SInv    +            h - +0 pair of boots
Will    .....        D - amulet of regeneration
Stlth   +++          (no ring)
HPRegen 1.10/turn    (no ring)
MPRegen 0.15/turn

%: no passive effects
@: freezing walls, heavily drained
A: permanent stasis, dig shafts and tunnels, antennae 3, four strong arms
a: Dig, Shaft Self, Renounce Religion, Curse Item


You were on level 7 of the Dungeon.
You worshipped Ashenzari.
Ashenzari was noncommittal.
You visited 1 branch of the dungeon, and saw 7 of its levels.

You collected 539 gold pieces.
You spent 330 gold pieces at shops.

Inventory:

Hand Weapons
 a - a +0 short sword
 b - a +4 heavy trident (weapon)
 g - a +0 club
 t - a +0 trident
Missiles
 k - 15 poisoned darts
 u - 6 silver javelins
 v - 6 datura-tipped darts
Armour
 c - a +0 robe
 d - a +0 kite shield
 f - a +0 ring mail
 h - a +0 pair of boots (worn)
 j - a +0 leather armour (worn)
Jewellery
 D - an amulet of regeneration (around neck)
Wands
 x - a wand of mindburst (6)
 y - a wand of charming (7)
Scrolls
 e - 2 scrolls of magic mapping
 q - 2 scrolls of poison
 B - a scroll of fear {unknown}
 C - 5 scrolls of identify
 E - a scroll of teleportation {unknown}
Potions
 i - a potion of degeneration {unknown}
 m - a potion of lignification
 o - 4 potions of attraction
 p - 2 potions of might {unknown}
 r - a potion of resistance {unknown}
 s - a potion of invisibility {unknown}
 w - 2 potions of flight {unknown}
 z - 2 potions of mutation {unknown}
 A - a potion of haste {unknown}


   Skills:
 + Level 6.1 Fighting
 - Level 1.7 Dodging
 - Level 5.0 Stealth
 + Level 5.1 Spellcasting
 - Level 6.0 Ice Magic
 + Level 8.0 Earth Magic


You had 11 spell levels left.
You knew the following spells:

 Your Spells              Type           Power      Damage    Failure   Level
a - Freeze                Ice            92%        1d9       1%          1
b - Frozen Ramparts       Ice            46%        1d7       4%          3
c - Sandblast             Erth           58%        2d13      1%          1
d - Passwall              Tmut/Erth      14%        N/A       5%          2

Your spell library contained the following spells:

 Spells                   Type           Power      Damage    Failure   Level
 Ozocubu's Armour         Ice            23%        N/A       4%          3
 Ensorcelled Hibernation  Hex/Ice        26%        N/A       9%          2
 Stone Arrow              Conj/Erth      34%        3d9       11%         3
 Hailstorm                Conj/Ice       13%        3d5       16%         3
 Lee's Rapid Deconstruct  Erth           14%        3d9*      19%         5
 Leda's Liquefaction      Hex/Erth       8%         N/A       34%         4
 Ice Form                 Ice/Tmut       13%        N/A       47%         4
 Summon Ice Beast         Ice/Summ       13%        N/A       47%         4
 Gell's Gravitas          Tloc           4%         N/A       50%         3
 Teleport Other           Tloc           4%         N/A       50%         3
 Dispel Undead            Necr           4%         3d7       88%         4
 Statue Form              Tmut/Erth      11%        N/A       99%         6
 Dispersal                Tloc           2%         N/A       100%        6
 Simulacrum               Ice/Necr       6%         N/A       100%        6
 Swiftness                Air            Unusable   N/A       N/A         3

Dungeon Overview and Level Annotations

Branches:
Dungeon (7/15)             Temple (0/1) D:6

Altars:
Ashenzari
Cheibriados
Elyvilon
Hepliaklqana
Kikubaaqudgha
Qazlal
Wu Jian

Shops:
D:4 !   D:6 =


Innate Abilities, Weirdness & Mutations

You cannot be hasted, slowed, berserked, paralysed or teleported.
You can dig through walls and to a lower floor.
You have a pair of large antennae on your head. (SInv)
Your four strong arms can wield two-handed weapons with a shield.


Message History

The shadow hits you!
* * * LOW HITPOINT WARNING * * *
The wall freezes the wight but does no damage.
The wight hits you from afar with a +0 spear!
* * * LOW HITPOINT WARNING * * *
You feel drained.
* * * LOW HITPOINT WARNING * * *
You feel better.
The wall freezes the shadow but does no damage.
The shadow hits you.
* * * LOW HITPOINT WARNING * * *
The wight resists.
The wall freezes the wight.
The wight misses you.
Your frozen ramparts will break if you move.
Continue? [Y]es or [N]o only, please.
Your frozen ramparts will break if you move.
Continue? [Y]es or [N]o only, please.
Your frozen ramparts will break if you move.
Continue?
Okay, then.
Casting: Frozen Ramparts (dangerous; 4% risk of failure)
Confirm with . or Enter, or press ? or * to list all spells.
Aiming: Sandblast (safe; 1% risk of failure)
Press: ? - help, Shift-Dir - straight line, f - shadow
Aim: a shadow (almost destroyed, 83% to hit)
The blast of sand misses the shadow.
The shadow completely resists.
The wall freezes the shadow but does no damage.
The shadow slips into darkness.
The shadow flickers and vanishes for a moment.
The wight completely resists.
The wall freezes the wight but does no damage.
The wight hits you from afar with a +0 spear.
* * * LOW HITPOINT WARNING * * *
You feel drained.
* * * LOW HITPOINT WARNING * * *
The wall freezes the shadow but does no damage.
The shadow barely misses you.
The wall freezes the wight but does no damage.
The wight hits you from afar with a +0 spear.
* * * LOW HITPOINT WARNING * * *
You feel drained.
You die...

####### ############# #.....#
#............
#.....####............
#...............>..(..
#......###............
#.....##.##..........S
##....).).#.##.#....#
#....##.##....#....#
#.....#@#####......#
##+#.#####W##..##.. ..#####
#...##(..z#'....#.##+#.....
#...#)!.!)##?..)#....#.....
#...#?.).!###..##....#.....
#...#$??[.+.####.....'.....
#...##...##..........#.....
#....#####...........#.....
####..........##...###+##.....


You could see a shadow (invisible) and a wight.

Vanquished Creatures
  An acid dragon (D:7)
  3 black bears
  A sky beast (D:6)
  2 ogres
  2 phantoms
  A kobold brigand (D:5)
  4 scorpions
  A howler monkey (D:7)
  2 jellies
  An orc priest (D:5)
  4 hounds
  Natasha (thrice) (D:3)
  3 iguanas
  A sleepcap (D:6)
  Ijyb (D:5)
  An orc wizard (D:5)
  Robin (D:3)
  A gnoll (D:7)
  4 river rats (D:6)
  10 adders
  A shadow imp (D:7)
  A white imp (D:6)
  2 ufetubi
  A worm (D:2)
  4 dart slugs
  18 orcs
  8 ball pythons
  11 endoplasms
  3 giant cockroaches
  18 goblins
  9 hobgoblins
  7 kobolds
  3 quokkas
  5 bats
  6 frilled lizards
  7 rats
151 creatures vanquished.

Notes
Turn   | Place    | Note
-------+----------+-------------------------------------------
     0 | D:1      | Strat the Formicid Ice Elementalist began the quest for the
                  | Orb.
     0 | D:1      | Reached XP level 1. HP: 13/13 MP: 3/3
   214 | D:1      | Reached XP level 2. HP: 17/19 MP: 0/5
   667 | D:1      | Got the Discourse on the Mausoleum and Detritus
   824 | D:1      | Reached XP level 3. HP: 17/24 MP: 4/6
  1135 | D:2      | Reached skill level 5 in Ice Magic
  1305 | D:2      | Found a faded altar of an unknown god.
  1310 | D:2      | Learned a level 3 spell: Frozen Ramparts
  1877 | D:2      | Reached XP level 4. HP: 30/30 MP: 4/7
  2229 | D:2      | Learned a level 1 spell: Sandblast
  2596 | D:3      | Reached skill level 1 in Earth Magic
  2697 | D:3      | Noticed Robin
  2862 | D:3      | Reached XP level 5. HP: 35/35 MP: 5/8
  2951 | D:3      | Found a snail-covered altar of Cheibriados.
  3214 | D:3      | Noticed Natasha
  3223 | D:3      | Killed Natasha
  3224 | D:3      | Reached skill level 2 in Earth Magic
  3595 | D:3      | Found a white marble altar of Elyvilon.
  3625 | D:3      | Noticed Natasha
  3630 | D:3      | Killed Natasha
  3631 | D:3      | Reached skill level 3 in Earth Magic
  3706 | D:3      | Learned a level 2 spell: Passwall
  3949 | D:3      | Noticed Natasha
  3960 | D:3      | Killed Natasha
  3961 | D:3      | Reached XP level 6. HP: 16/41 MP: 3/9
  4211 | D:3      | Killed Robin
  4212 | D:3      | Reached skill level 4 in Earth Magic
  4340 | D:4      | Found Asyocw's Distillery.
  4428 | D:4      | Noticed an ogre
  4446 | D:4      | Killed an ogre
  4447 | D:4      | Reached skill level 5 in Earth Magic
  4833 | D:4      | Reached XP level 7. HP: 46/46 MP: 6/10
  4935 | D:4      | Reached skill level 6 in Earth Magic
  5334 | D:5      | Entered Level 5 of the Dungeon
  5429 | D:5      | Noticed Ijyb
  5443 | D:5      | Killed Ijyb
  5547 | D:5      | Reached skill level 7 in Earth Magic
  5645 | D:5      | Reached skill level 1 in Fighting
  5834 | D:5      | Reached XP level 8. HP: 30/57 MP: 7/13
  6571 | D:6      | Found a hazy altar of Hepliaklqana.
  7105 | D:6      | Found Teeh's Jewellery Boutique.
  7129 | D:6      | Bought an amulet of regeneration for 330 gold pieces
  7188 | D:6      | Found an ornate altar of the Wu Jian Council.
  7191 | D:6      | Found a broken altar of Ashenzari.
  7192 | D:6      | Found a stormy altar of Qazlal.
  7194 | D:6      | Found an ancient bone altar of Kikubaaqudgha.
  7209 | D:6      | Became a worshipper of Ashenzari the Shackled
  7225 | D:6      | Found a staircase to the Ecumenical Temple.
  7871 | D:7      | Reached skill level 5 in Fighting
  7871 | D:7      | Reached skill level 5 in Stealth
  8060 | D:7      | Reached XP level 9. HP: 68/68 MP: 9/15
  8376 | D:7      | Reached skill level 5 in Spellcasting
  8380 | D:7      | Reached skill level 8 in Earth Magic
  8388 | D:7      | HP: 1/63 [wight/+0 spear (6)]
  8388 | D:7      | Slain by a wight

Illustrated notes

Levels and vault maps discovered:
D:1:      tarquinn_simple_flora_water_f, layout_loops_ring
D:2:      kennysheep_six_static_rooms, layout_loops_corners,
          shapermc_ecumenical_altar_hornbeckon
D:3:      layout_loops_ring, cheibriados_altar_1, nicolae_elyvilon_temple_path,
          minmay_tree_intersection, uniq_natasha, uniq_robin
D:4:      layout_basic, serial_shops, nicolae_shop_industrial_runoff
D:5:      layout_basic, uniq_ijyb
D:6:      layout_loops_corners, nicolae_overflow_hidden_temple,
          grunt_temple_overflow_open, minmay_temple_entry_glassed_door,
          serial_shops, shop, portal_sewer_entry_b, kennysheep_doodads
D:7:      layout_gridville, grunt_ministairs_6, minmay_joined_circles,
          uniq_crazy_yiuf_cottage

Skill      XL: |  1  2  3  4  5  6  7  8  9 |
---------------+----------------------------+-----
Ice Magic      | 5 6 |  6.0
Earth Magic    | 1 3 5 7 8 |  8.0
Fighting       | 2 5 6 |  6.1
Spellcasting   | 3 4 5 |  5.1
Stealth        | 5 |  5.0
Dodging        | |  1.7

Action                     |  1- 3 |  4- 6 |  7- 9 || total
---------------------------+-------+-------+-------++-------
  Melee: Unarmed           |     2 |       |       ||     2
         Short sword       |    80 |   115 |       ||   195
         Punch             |     1 |     1 |       ||     2
         Trident           |       |    30 |   107 ||   137
   Cast: Freeze            |    17 |    18 |     5 ||    40
         Frozen Ramparts   |       |    19 |    34 ||    53
         Sandblast         |       |     1 |    14 ||    15
  Evoke: Wand              |       |       |     2 ||     2
    Use: Scroll            |     2 |     6 |       ||     8
         Potion            |       |       |     4 ||     4
   Stab: Sleeping          |     1 |     2 |     4 ||     7
         Distracted        |     1 |     1 |       ||     2
 Armour: Robe              |     6 |       |       ||     6
         Ring mail         |    23 |     7 |       ||    30
         Leather armour    |       |    41 |    38 ||    79
  Dodge: Dodged            |    45 |    81 |   106 ||   232
